 Dungeon Crawl Stone Soup version 0.31-a0-344-gd109795599 (webtiles) character file.

Game seed: 10195186573813466564

502 GordonOverkill the Grave Robber (level 6, -8/47 HPs)
             Began as a Mummy Delver on July 22, 2023.
             Killed by divine providence
             ... invoked by an orc priest
              (12 damage)
             ... on level 5 of the Dungeon.
             The game lasted 00:07:31 (2192 turns).

GordonOverkill the Grave Robber (Mummy Delver)      Turns: 2192, Time: 00:07:32

Health: -8/47      AC:  6    Str: 15    XL:     6   Next: 95%
Magic:  8/13       EV: 12    Int: 11    God:
Gold:   76         SH:  0    Dex: 14    Spells: 13/15 levels left

rFire   x . .        g - staff of death
rCold   + . .        (no shield)
rNeg    + + +        j - +0 steam dragon scales
rPois   ∞            h - +0 helmet
rElec   .            (no cloak)
rCorr   .            (no gloves)
SInv    .            (no boots)
Will    .....        (no amulet)
Stlth   +++          (no ring)
HPRegen 0.27/turn    (no ring)
MPRegen 0.13/turn

%: faith
@: very slightly contaminated
A: cold resistance 1, negative energy resistance 3, torment resistance 2, heat
vulnerability 1, in touch with death 1, no potions, faith
a: no special abilities


You were on level 5 of the Dungeon.
You visited 1 branch of the dungeon, and saw 3 of its levels.

You collected 76 gold pieces.

Inventory:

Hand Weapons
 e - a +1 dagger of venom
Missiles
 m - 2 poisoned darts
Armour
 h - a +0 helmet (worn)
 j - +0 steam dragon scales (worn)
Magical Staves
 g - a staff of death (weapon)
Wands
 a - a wand of charming (6)
 f - a wand of digging (3)
 k - a wand of flame (23)
Scrolls
 b - a scroll of identify {unknown}
 c - a scroll of fog
 d - a scroll of revelation
 i - a scroll of teleportation {unknown}
 l - a scroll of vulnerability {unknown}


   Skills:
 - Level 3.0 Fighting
 - Level 2.3 Short Blades
 - Level 1.5 Dodging
 - Level 4.1 Stealth
 + Level 5.1 Spellcasting
 + Level 5.1 Necromancy
 + Level 0.4 Evocations


You had 13 spell levels left.
You knew the following spells:

 Your Spells              Type           Power      Damage    Failure   Level
a - Necrotise             Necr           100%       1d9       2%          1
b - Apportation           Tloc           4%         N/A       22%         1

Your spell library contained the following spells:

 Spells                   Type           Power      Damage    Failure   Level
 Summon Small Mammal      Summ           8%         N/A       22%         1


Dungeon Overview and Level Annotations

Branches:
Dungeon (6/15)
 Temple: D:4-7

Altars:

Shops:
D:5 [

Annotations:
D:4 exclusion: 3 phantoms
D:5 exclusion: downstairs


Innate Abilities, Weirdness & Mutations

You are immune to poison.
Your flesh is cold resistant. (rC+)
You are immune to negative energy. (rN+++)
You are immune to unholy pain and torment.
You are vulnerable to heat. (rF-)
You are in touch with the powers of death.
You do not drink.
You have a special connection with the divine. (Faith)


Message History

Beogh smites you!
* * * LOW HITPOINT WARNING * * *
The iguana bites you!
* * * LOW HITPOINT WARNING * * *
Casting: Necrotise (safe; 2% risk of failure)
Confirm with . or Enter, or press ? or * to list all spells.
Aiming: Necrotise (safe; 2% risk of failure)
Press: ? - help, Shift-Dir - straight line, f/p - iguana
Aim: an iguana (severely wounded, chance to affect: 88%)
You feel a strong surge of power!
The iguana barely resists.
The iguana bites you!
* * * LOW HITPOINT WARNING * * *
An orc comes into view. It is wielding a +0 short sword.
The iguana attacks as you move away! The iguana closely misses you.
Okay, then.
You can't drink.
Unknown command.
The iguana attacks as you move away! The iguana barely misses you.
You see here 5 stones.
Casting: Necrotise (safe; 2% risk of failure)
Confirm with . or Enter, or press ? or * to list all spells.
Aiming: Necrotise (safe; 2% risk of failure)
Press: ? - help, Shift-Dir - straight line, f/p - iguana
Aim: an iguana (severely wounded, chance to affect: 88%)
You feel a strong surge of power!
The iguana writhes in agony.
You kill the iguana!
The dead are walking!
What are your orders? t - Shout!
Orders for allies: a - Attack new target. r - Retreat! s - Stop attacking. g - Guard the area. f - Follow me.
Anything else - Cancel.
Gang up on whom?
Press: ? - help, Dir - move target, f - orc priest
Aim: an orc priest, wielding a +0 hand axe and wearing a +0 leather armour (ally target) Attack!
The orc priest invokes the aid of Beogh against you.
Beogh smites you!
You die...

.# .# #.##.###
#......# #......# #
+......# .. #......#
... ##......# ....
#@..#.# ..... #..†#.#
......##oZ.#.###.####
.o....∩'...........>#
..######...#.######.#
#...#.# ##.# #...#.#
#..#
#####.#####.######
#....)).......


You could see an orc priest (ally target) and a friendly iguana skeleton.

Vanquished Creatures
  A scorpion (D:5)
  2 bullfrog zombies (D:4)
  3 hounds
  2 iguanas (D:5)
  A scorpion zombie (D:4)
  An orc wizard (D:5)
  A hound zombie (D:4)
  4 adders
  4 adder zombies (D:4)
  An adder skeleton (D:4)
  3 orcs (D:5)
  2 giant cockroaches (D:4)
  2 goblins (D:4)
  A hobgoblin (D:4)
  A kobold (D:4)
  A quokka (D:5)
30 creatures vanquished.

Vanquished Creatures (collateral kills)
  A phantom (D:5)
  A hound (D:5)
2 creatures vanquished.

Grand Total: 32 creatures vanquished

Notes
Turn   | Place    | Note
-------+----------+-------------------------------------------
     0 | D:5      | GordonOverkill the Mummy Delver began the quest for the
                  | Orb.
     0 | D:5      | Reached XP level 1. HP: 18/18 MP: 1/1
    12 | D:6      | Noticed a yak
    12 | D:6      | Noticed a yak
    12 | D:6      | Noticed a yak
    12 | D:6      | Noticed a yak
    12 | D:6      | Noticed a yak
    12 | D:6      | Noticed a yak
    12 | D:6      | Noticed a gnoll sergeant
    22 | D:5      | Noticed a jelly
   113 | D:5      | Reached XP level 2. HP: 19/24 MP: 2/2
   274 | D:4      | Noticed a phantom
   290 | D:4      | Learned a level 1 spell: Necrotise
   340 | D:4      | Reached skill level 1 in Spellcasting
   340 | D:4      | Reached skill level 1 in Necromancy
   340 | D:4      | Gained mutation: You are in touch with the powers of death.
                  | [Mummy growth]
   340 | D:4      | Reached XP level 3. HP: 21/29 MP: 2/5
   400 | D:4      | Noticed a phantom
   406 | D:4      | Learned a level 1 spell: Apportation
   626 | D:4      | Reached XP level 4. HP: 25/35 MP: 6/8
   758 | D:4      | Reached XP level 5. HP: 10/41 MP: 1/10
  1067 | D:4      | Noticed a phantom
  1938 | D:5      | Reached XP level 6. HP: 47/47 MP: 8/12
  1969 | D:5      | Reached skill level 5 in Spellcasting
  2140 | D:5      | Reached skill level 5 in Necromancy
  2181 | D:5      | Found Ischoefe's Armour Emporium.
  2192 | D:5      | Killed from afar by an orc priest

Illustrated notes

Levels and vault maps discovered:
D:4:      layout_loops_ring, serial_undead, serial_undead_b, serial_undead_e,
          serial_undead_d, serial_undead_e, serial_undead_a
D:5:      layout_basic, serial_shops, shop, shop, shop_coins, uniq_edmund
D:6:      wad_pebble_path, layout_rooms, minmay_misc_feat_roman

Skill      XL: |  1  2  3  4  5  6 |
---------------+-------------------+-----
Short Blades   | 2 |  2.3
Spellcasting   | 1 2 3 4 5 |  5.1
Necromancy     | 1 2 3 5 |  5.1
Fighting       | |  3.0
Dodging        | |  1.5
Stealth        | |  4.1
Evocations     | |  0.4

Action                     |  1- 3 |  4- 6 || total
---------------------------+-------+-------++-------
  Melee: Short sword       |    96 |    43 ||   139
         Punch             |     1 |     1 ||     2
         Staff             |       |    78 ||    78
   Cast: Apportation       |     8 |       ||     8
         Necrotise         |     1 |    59 ||    60
    Use: Scroll            |       |     1 ||     1
   Stab: Sleeping          |     1 |       ||     1
 Armour: Leather armour    |     9 |       ||     9
         Steam dragon scal |    14 |    52 ||    66
  Dodge: Dodged            |    57 |   106 ||   163

Table legend: (Time is in decaauts)
 A = Elapsed time spent in this place.
 B = Non-inter-level travel time spent in this place.
 C = Inter-level travel time spent in this place.
 D = Time resting spent in this place.
 E = Time spent auto-exploring this place.
 F = Levels seen in this place.
 G = Mean time per level.
                   A        B        C        D        E       F      G
               +--------+--------+--------+--------+--------+-----+--------+
         Total |   2191 |   2093 |     98 |    625 |    547 |   3 |  730.3 |
       Dungeon |   2191 |   2093 |     98 |    625 |    547 |   3 |  730.3 |
               +--------+--------+--------+--------+--------+-----+--------+

Top non-repeatable levels by time:
     D:4: 1625 daAuts
     D:5: 563 daAuts
     D:6: 1 daAuts
